 Dungeon Crawl Stone Soup version 0.31-a0-851-g7ff8af7976 (webtiles) character file.

Game seed: 10530791030835809052

275 Anon1729 the Trooper (level 6, -1/56 HPs)
             Began as a Minotaur Monk on Oct 7, 2023.
             Succumbed to a scorpion's poison
             ... on level 5 of the Dungeon.
             The game lasted 00:02:17 (2116 turns).

Anon1729 the Trooper (Minotaur Monk)                Turns: 2116, Time: 00:02:18

Health: -1/56      AC:  2    Str: 16    XL:     6   Next: 3%
Magic:  5/5        EV: 14    Int:  7    God:
Gold:   153        SH:  0    Dex: 14    Spells: 5/5 levels left

rFire   . . .        h - +3 dagger
rCold   . . .        d - orb {light}
rNeg    . . .        b - +0 robe
rPois   .            (helmet restricted)
rElec   .            (no cloak)
rCorr   .            (no gloves)
SInv    .            (no boots)
Will    .....        n - amulet of guardian spirit
Stlth   +            (no ring)
HPRegen 0.29/turn    (no ring)
MPRegen 0.09/turn

%: guardian spirit
@: confused, lethally poisoned (-1 -> -28), ambrosia-drunk, glowing
A: horns 2, retaliatory headbutt
a: no special abilities


You were on level 5 of the Dungeon.
You visited 1 branch of the dungeon, and saw 6 of its levels.

You collected 153 gold pieces.

Inventory:

Hand Weapons
 h - a +3 dagger (weapon)
Missiles
 l - 6 silver javelins
 m - a throwing net
Armour
 b - a +0 robe (worn)
 d - an orb of light (worn)
Jewellery
 n - an amulet of guardian spirit (around neck)
 o - a ring of fire
Scrolls
 a - 7 scrolls of identify {unknown}
 f - 2 scrolls of vulnerability {unknown}
 g - a scroll of fear {unknown}
 j - 2 scrolls of blinking {unknown}
Potions
 e - a potion of enlightenment {unknown}
 i - a potion of curing {unknown}
 p - a potion of lignification {unknown}


   Skills:
 + Level 5.6 Fighting
 + Level 3.3 Short Blades
 - Level 3.9 Polearms
 + Level 5.0 Dodging


You had 5 spell levels left.
You didn't know any spells.
Your spell library was empty.

Dungeon Overview and Level Annotations

Branches:
Dungeon (6/15)
 Temple: D:4-7

Altars:
Cheibriados
Dithmenos
Gozag


Innate Abilities, Weirdness & Mutations

You have a pair of horns on your head.
You reflexively headbutt those who attack you in melee.


Message History

You headbutt the scorpion. You hit the scorpion but do no damage.
Your headbutt misses the scorpion.
The scorpion is severely wounded.
The scorpion closely misses you.
You hit the scorpion but do no damage.
The scorpion is severely wounded.
The scorpion barely misses you.
You hit the scorpion but do no damage.
The scorpion is severely wounded.
The scorpion stings you.
You are poisoned.
The scorpion poisons you!
You barely miss the scorpion. You headbutt the scorpion.
The scorpion is severely wounded.
You feel very sick. The scorpion stings you.
* * * LOW HITPOINT WARNING * * *
You barely miss the scorpion.
The scorpion is severely wounded.
You feel sick.
You hit the scorpion but do no damage. You headbutt the scorpion.
The scorpion is severely wounded.
You feel sick. The scorpion misses you.
You hit the scorpion but do no damage.
The scorpion is severely wounded.
You feel sick. The scorpion stings you.
* * * LOW HITPOINT WARNING * * *
You are lethally poisoned!
The scorpion poisons you! The scorpion barely misses you.
You hit the scorpion.
The scorpion is almost dead.
* * * LOW HITPOINT WARNING * * *
You feel very sick. The scorpion stings you.
* * * LOW HITPOINT WARNING * * *
You are more poisoned.
The scorpion poisons you!
You are confused.
You feel invigorated.
You die...

# #. #.
###.#########...
#.............#.
.#..@s.....(...
#...........(...
#.............##
#+#############


You could see a scorpion.

Vanquished Creatures
  An ogre (D:2)
  A hound (D:5)
  A jelly (D:2)
  4 gnolls (D:2)
  3 adders
  A worm (D:2)
  3 dart slugs
  9 bats
  An endoplasm (D:1)
  4 giant cockroaches
  8 goblins
  A hobgoblin (D:1)
  4 jackals (D:2)
  2 quokkas
  4 ball pythons
  A frilled lizard (D:1)
  6 kobolds
  6 rats
60 creatures vanquished.

Notes
Turn   | Place    | Note
-------+----------+-------------------------------------------
     0 | D:1      | Anon1729 the Minotaur Monk began the quest for the Orb.
     0 | D:1      | Reached XP level 1. HP: 19/19 MP: 0/0
   168 | D:1      | Reached XP level 2. HP: 27/27 MP: 1/1
   440 | D:1      | Reached skill level 1 in Short Blades
   734 | D:2      | Reached XP level 3. HP: 29/33 MP: 2/2
   958 | D:2      | Reached XP level 4. HP: 26/41 MP: 3/3
  1302 | D:2      | Noticed an ogre
  1311 | D:2      | Killed an ogre
  1312 | D:2      | Reached skill level 5 in Fighting
  1312 | D:2      | Reached XP level 5. HP: 23/48 MP: 4/4
  1757 | D:3      | Found a snail-covered altar of Cheibriados.
  1810 | D:3      | Found an opulent altar of Gozag.
  1945 | D:3      | Found a shadowy altar of Dithmenos.
  2079 | D:5      | Entered Level 5 of the Dungeon
  2085 | D:6      | Noticed a water moccasin
  2090 | D:5      | Reached skill level 5 in Dodging
  2090 | D:5      | Reached XP level 6. HP: 16/56 MP: 2/5
  2115 | D:5      | HP: 2/56 [poisoned by a scorpion]
  2116 | D:5      | Succumbed to a scorpion's poison

Illustrated notes

Levels and vault maps discovered:
D:1:      minmay_arrival_four_loops, layout_basic
D:2:      layout_rooms, minmay_liquid_box
D:3:      minmay_skewed_foursquare, layout_loops_cross,
          mainiacjoe_overflow_cross_hatched,
          mainiacjoe_overflow_six_doors_small,
          nicolae_dithmenos_through_a_glass_darkly, palyth_stone_intersect,
          uniq_crazy_yiuf_cottage
D:4:      layout_rooms, nicolae_overflow_crystal_walls, serial_corexii_hall,
          chequers_hall_statues_y, chequers_hall_statues_y
D:5:      layout_basic
D:6:      layout_rooms, tso_altar, uniq_maggie, uniq_prince_ribbit1,
          uniq_eustachio, uniq_jeremiah

Skill      XL: |  1  2  3  4  5 |
---------------+----------------+-----
Fighting       | 4 5 |  5.6
Short Blades   | 1 3 |  3.3
Dodging        | 4 5 |  5.0
Polearms       | |  3.9

Action                     |  1- 3 |  4- 6 || total
---------------------------+-------+-------++-------
  Melee: Spear             |    19 |       ||    19
         Headbutt          |    17 |    19 ||    36
         Dagger            |    50 |    66 ||   116
  Throw: Dart              |       |     4 ||     4
    Use: Potion            |       |     1 ||     1
 Armour: Robe              |    37 |    38 ||    75
  Dodge: Dodged            |    40 |    46 ||    86

Table legend: (Time is in decaauts)
 A = Elapsed time spent in this place.
 B = Non-inter-level travel time spent in this place.
 C = Inter-level travel time spent in this place.
 D = Time resting spent in this place.
 E = Time spent auto-exploring this place.
 F = Levels seen in this place.
 G = Mean time per level.
                   A        B        C        D        E       F      G
               +--------+--------+--------+--------+--------+-----+--------+
         Total |   2102 |   2003 |     99 |    227 |   1423 |   6 |  350.3 |
       Dungeon |   2102 |   2003 |     99 |    227 |   1423 |   6 |  350.3 |
               +--------+--------+--------+--------+--------+-----+--------+

Top non-repeatable levels by time:
     D:2: 944 daAuts
     D:1: 762 daAuts
     D:3: 357 daAuts
     D:5: 33 daAuts
     D:4: 3 daAuts
     D:6: 1 daAuts
